 Dungeon Crawl Stone Soup version 0.27-a0-988-g25969acef8 (webtiles) character file.

Game seed: 4150350095239123641

204363 snetch the Peltast (level 18, 0/170 HPs)
             Began as a Minotaur Berserker on Apr 14, 2021.
             Was a High Priest of Trog.
             Succumbed to a naga mage's bolt of poison
             ... on level 4 of the Snake Pit on Apr 15, 2021.
             The game lasted 02:35:07 (39059 turns).

snetch the Peltast (Minotaur Berserker)            Turns: 39059, Time: 02:35:08

Health: 0/170      AC: 24    Str: 37    XL:     18   Next: 1%
Magic:  17/17      EV: 13    Int: 18    God:    Trog [*****.]
Gold:   1669       SH: 38    Dex: 16    Spells: 17/17 levels left

rFire    . . .     SeeInvis +   a - +4 broad axe (elec)
rCold    + + +     Faith    .   z - +8 tower shield {rC+}
rNeg     . . .     Spirit   .   V - +1 chain mail of Winter {rC+ Int+3 Slay+3}
rPois    .         Reflect  +   (helmet restricted)
rElec    +         Harm     .   k - scarf {shadows}
rCorr    +         Rampage  .   r - +2 pair of gloves of Wrong Decisions {rF- Will+ Str+4 Int+7 SInv}
Will     +++..                  c - +2 pair of boots
Stlth    ..........             J - amulet "Qovammip" {Reflect Int+6 Dex+5 SH+5}
HPRegen  0.38/turn              E - ring of protection from fire
MPRegen  0.15/turn              Z - ring "Dacviat" {rElec rC+ rCorr Str+4 Int-2}

@: lethally poisoned (0 -> -2), on berserk cooldown, slowed, very slow
A: horns 2, retaliatory headbutt, iridescent scales 1, strong-willed 1
}: 1/15 runes: barnacled
a: Renounce Religion, Berserk, Trog's Hand, Brothers in Arms


You were on level 4 of the Snake Pit.
You worshipped Trog.
Trog was extremely pleased with you.
You visited 5 branches of the dungeon, and saw 30 of its levels.
You also visited: Ossuary and Bailey.

You collected 2674 gold pieces.
You spent 1005 gold pieces at shops.

Inventory:

Hand Weapons
 a - a +4 broad axe of electrocution (weapon)
 b - a +3 demon trident of freezing
Missiles
 h - 6 throwing nets
 i - 4 boomerangs of dispersal
 A - 26 silver javelins
 B - 54 poisoned darts
 I - 35 javelins
 O - 57 boomerangs (quivered)
 S - 4 curare-tipped darts
 U - 17 atropa-tipped darts
Armour
 c - a +2 pair of boots (worn)
 k - a scarf of shadows (worn)
 r - the +2 pair of gloves of Wrong Decisions (worn) {rF- Will+ Str+4 Int+7 SInv}
   (You found it on level 11 of the Dungeon)

   It affects your strength (+4).
   It affects your intelligence (+7).
   It makes you vulnerable to fire.
   It lets you see invisible.
   It increases your willpower.
 z - a +8 tower shield of cold resistance (worn)
 V - the +1 chain mail of Winter (worn) {rC+ Int+3 Slay+3}
   (You found it on level 3 of the Lair of Beasts)

   It affects your intelligence (+3).
   It affects your accuracy and damage with ranged weapons and melee attacks
   (+3).
   It protects you from cold.
Jewellery
 E - a ring of protection from fire (left hand)
 J - the amulet "Qovammip" (around neck) {Reflect Int+6 Dex+5 SH+5}
   (You found it on level 5 of the Lair of Beasts)

   [amulet of reflection]

   It reflects blocked missile attacks.
   It affects your intelligence (+6).
   It affects your dexterity (+5).
   It affects your SH (+5).
 Q - a ring of flight
 Z - the ring "Dacviat" (right hand) {rElec rC+ rCorr Str+4 Int-2}
   (You bought it in a shop on level 3 of the Shoals)

   [ring of resist corrosion]

   It affects your strength (+4).
   It affects your intelligence (-2).
   It protects you from cold.
   It insulates you from electricity.
   It protects you from acid and corrosion.
Wands
 e - a wand of digging (10)
 n - a wand of mindburst (11)
 o - a wand of polymorph (42)
 v - a wand of flame (26)
 x - a wand of paralysis (38)
 H - a wand of charming (16)
 R - a wand of iceblast (33)
Scrolls
 d - 4 scrolls of magic mapping
 g - 10 scrolls of fog
 l - a scroll of silence
 m - 3 scrolls of summoning
 t - 10 scrolls of teleportation
 y - 4 scrolls of fear
 C - a scroll of blinking
 K - 9 scrolls of immolation
 L - 3 scrolls of torment
 M - 4 scrolls of vulnerability
Potions
 f - a potion of resistance
 j - 18 potions of curing
 p - 4 potions of attraction
 q - 4 potions of invisibility
 u - 4 potions of ambrosia
 D - 6 potions of lignification
 G - 6 potions of mutation
 N - 6 potions of might
 T - 3 potions of haste
Miscellaneous
 s - a piece from Xom's chessboard (15/15)
 w - a phantom mirror
 F - a phial of floods
 P - a condenser vane
 W - a lightning rod (4/4)
 X - a box of beasts
 Y - a tin of tremorstones (2/2)


   Skills:
 + Level 17.5 Fighting
 - Level 4.5 Long Blades
 - Level 17.4(18.0) Axes
 - Level 8.4(14.0) Polearms
 + Level 7.1 Throwing
 + Level 17.2 Armour
 + Level 8.5 Dodging
 + Level 18.1 Shields
 + Level 3.4 Evocations


You had 17 spell levels left.
You didn't know any spells.
Your spell library contained the following spells:

 Spells                   Type           Power      Damage    Failure   Level
 Animate Skeleton         Necr           0%         N/A       78%         1
 Apportation              Tloc           0%         N/A       78%         1
 Beastly Appendage        Tmut           0%         N/A       78%         1
 Corona                   Hex            0%         N/A       78%         1
 Freeze                   Ice            0%         1d3       78%         1
 Magic Dart               Conj           0%         1d3       78%         1
 Pain                     Necr           0%         1d4       78%         1
 Sandblast                Erth           0%         2d4       78%         1
 Shock                    Conj/Air       0%         1d3       78%         1
 Sting                    Tmut/Pois      0%         1d3       78%         1
 Summon Small Mammal      Summ           0%         N/A       78%         1
 Blink                    Tloc           N/A        N/A       89%         2
 Call Imp                 Summ           0%         N/A       89%         2
 Passwall                 Tmut/Erth      0%         N/A       89%         2
 Poisonous Vapours        Pois/Air       0%         N/A       89%         2
 Slow                     Hex            0%         N/A       89%         2
 Static Discharge         Conj/Air       0%         N/A       89%         2
 Wereblood                Tmut           0%         N/A       89%         2
 Conjure Flame            Conj/Fire      0%         6-21      98%         3
 Frozen Ramparts          Ice            0%         1d2       98%         3
 Ignite Poison            Fire/Tmut/Pois 0%         N/A       98%         3
 Mephitic Cloud           Conj/Pois/Air  0%         N/A       98%         3
 Ozocubu's Armour         Ice            0%         N/A       98%         3
 Spider Form              Tmut/Pois      0%         N/A       98%         3
 Stone Arrow              Conj/Erth      0%         3d7       98%         3
 Swiftness                Air            0%         N/A       98%         3
 Vampiric Draining        Necr           0%         2d6       98%         3
 Airstrike                Air            0%         N/A       100%        4
 Animate Dead             Necr           0%         N/A       100%        4
 Cause Fear               Hex            0%         N/A       100%        4
 Hailstorm                Conj/Ice       0%         3d3       100%        4
 Ice Form                 Ice/Tmut       0%         N/A       100%        4
 Olgreb's Toxic Radiance  Pois           0%         N/A       100%        4
 Petrify                  Tmut/Erth      0%         N/A       100%        4
 Agony                    Necr           0%         N/A       100%        5
 Fireball                 Conj/Fire      0%         3d3       100%        5
 Hydra Form               Tmut           0%         N/A       100%        5
 Lee's Rapid Deconstruct  Erth           0%         3d5*      100%        5
 Lightning Bolt           Conj/Air       0%         1d11      100%        5
 Metabolic Englaciation   Hex/Ice        0%         N/A       100%        5
 Silence                  Hex/Air        0%         N/A       100%        5
 Yara's Violent Unravell  Hex/Tmut       0%         3d3       100%        5
 Starburst                Conj/Fire      0%         8x6d3     100%        6
 Discord                  Hex            0%         N/A       100%        8
 Ignition                 Fire           0%         3d3       100%        8


Dungeon Overview and Level Annotations

Branches:
Dungeon (15/15)            Temple (1/1) D:5            Lair (6/6) D:10
 Shoals (4/4) Lair:3        Snake (4/4) Lair:2        Slime (0/5) Lair:5
    Orc (0/2) D:11         Vaults (0/5) D:13         Depths (0/5) D:15
Ossuary (visited)          Bailey (visited)

Altars:
Ashenzari
Cheibriados
Dithmenos
Elyvilon
Fedhas
Gozag
Hepliaklqana
Kikubaaqudgha
Makhleb
Nemelex Xobeh
Okawaru
Qazlal
Ru
Sif Muna
Trog
Uskayaw
Vehumet
Wu Jian
Xom
Yredelemnul
Zin
The Shining One

Shops:
D:7 *   Shoals:3 =

Annotations:
Shoals:1 2 transporters, exclusion: orange crystal statue


Innate Abilities, Weirdness & Mutations

You have a pair of horns on your head.
You reflexively headbutt those who attack you in melee.
You are partially covered in iridescent scales. (AC +2)
You are strong-willed. (Will+)


Message History

You slice the salamander!!
The salamander is heavily wounded.
* * * LOW HITPOINT WARNING * * *
You feel sick. You block the naga's attack. You block the salamander's attack.
Unknown command.
You completely miss the salamander. You headbutt the salamander!
The salamander is severely wounded.
* * * LOW HITPOINT WARNING * * *
You feel sick. You block the naga's attack.
Unknown command.
You slice the salamander!!
Lightning courses through the salamander!
You kill the salamander!
Trog accepts your kill.
* * * LOW HITPOINT WARNING * * *
You feel sick. You block the naga's attack.
Unknown command.
* * * LOW HITPOINT WARNING * * *
You feel sick. The naga spits poison at you.
The splash of poison reflects off an invisible shield around you!
The splash of poison hits the naga.
The naga completely resists.
Items here: )) [[ †.
Unknown command.
You barely miss the naga.
The naga is lightly wounded.
* * * LOW HITPOINT WARNING * * *
You feel sick. You block the naga's attack. x2
Unknown command.
You are too berserk!
You are too berserk!
Unknown command.
You chop the naga into pieces!!! Lightning courses through the naga!!
You kill the naga!
Trog accepts your kill.
Unknown command.
You are no longer berserk.
You are exhausted.
You feel as though you will be slow longer.
You die...

..##
#...^.......#
..
##.........#
.. #.........#
.
........###..#
......### #..#
#.. .......#
#).###....
...##..#
##)))..... ###
##.#
##))..#### #.
#@.#### #....#
##...# #..##
##.# ###


There were no monsters in sight!

Vanquished Creatures
  Jorgrun (D:13)
  Polyphemus (Shoals:4)
  2 nagarajas
  2 frost giants (Shoals:4)
  A dire elephant (D:15)
  3 merfolk javelineers
  Snorg (D:13)
  A salamander tyrant (Snake:3)
  12 merfolk impalers
  Josephine (D:13)
  9 hydras
  5 merfolk avatars
  3 boulder beetles
  16 naga warriors
  7 anacondas
  3 centaur warriors
  A catoblepas (Shoals:4)
  2 alligator snapping turtles
  A two-headed ogre (D:11)
  2 dancing weapons (D:13)
  A death knight (D:15)
  6 merfolk aquamancers
  A satyr (Shoals:3)
  2 death yaks (Shoals:4)
  7 naga sharpshooters
  7 shock serpents
  A salamander mystic (Snake:4)
  A skeletal warrior (D:15)
  12 sea snakes
  A glowing orange brain (shapeshifter) (D:15)
  4 orc knights
  5 naga ritualists
  2 deep elf pyromancers (D:15)
  13 harpies
  5 ugly things
  The ghost of bisexualwizard the Cleaver, a novice MiGl of Qazlal (D:6)
  12 fauns
  14 mana vipers
  8 oklob plants
  21 salamanders
  19 manticores
  4 cyclopes
  Joseph (Lair:1)
  33 black mambas
  2 guardian serpents
  4 merfolk sirens
  5 water nymphs
  3 elephants (Lair:6)
  An ice statue (Lair:3)
  19 naga magi
  A gargoyle (D:14)
  11 cane toads
  4 rime drakes
  2 unseen horrors
  Maggie (D:8)
  An efreet (D:13)
  2 freezing wraiths (D:15)
  2 kobold demonologists (D:10)
  15 komodo dragons
  Psyche (D:9)
  12 wind drakes
  20 merfolk
  7 hornets
  A wolf spider simulacrum (D:15)
  Grinder (D:3)
  4 trolls
  5 polar bears
  13 slime creatures
  A blink frog (shapeshifter) (D:15)
  11 dream sheep
  7 snapping turtles
  15 blink frogs
  A tarantella (shapeshifter) (D:14)
  6 wraiths
  A shadow (D:11)
  35 yaks
  15 water elementals
  3 wyverns (Lair:2)
  Grum (Lair:1)
  5 basilisks
  A steam dragon (D:8)
  4 vampire mosquitoes (D:12)
  45 nagas
  An acid dragon (D:12)
  14 water moccasins
  15 orc warriors
  A sky beast (D:7)
  5 necrophages
  2 ogres (D:5)
  A black bear (D:4)
  11 wolves
  13 centaurs
  3 phantoms
  7 kobold brigands
  2 scorpions
  10 bullfrogs
  A gnoll sergeant (D:10)
  A wyvern skeleton (D:5)
  7 killer bees
  5 wights (D:8)
  5 howler monkeys
  7 electric eels
  4 centaur zombies
  2 lava snakes (D:10)
  3 bullfrog zombies
  2 hounds
  A jelly (D:5)
  6 orc priests
  2 bullfrog skeletons
  2 centaur skeletons
  Jessica (D:3)
  A scorpion zombie (D:5)
  Terence (D:2)
  An iguana (D:7)
  9 orc wizards
  A hound skeleton (D:4)
  4 mummies (Ossuary)
  A howler monkey zombie (D:9)
  A howler monkey skeleton (D:6)
  2 adders
  5 gnolls (D:10)
  2 shadow imps (D:6)
  An ufetubus (D:5)
  2 adder zombies (D:4)
  2 dart slugs
  2 worms
  46 orcs
  6 ball pythons
  5 bats
  5 endoplasms
  3 giant cockroaches
  A gnoll zombie (Ossuary)
  9 goblins
  7 hobgoblins
  2 jackals (D:1)
  2 quokkas
  6 frilled lizards
  A goblin zombie (Ossuary)
  3 hobgoblin zombies (Ossuary)
  31 kobolds
  2 orc zombies (Ossuary)
  A quokka zombie (D:4)
  10 rats
  A bush (D:4)
853 creatures vanquished.

Vanquished Creatures (collateral kills)
  Ilsuiw (Shoals:4)
  A dire elephant (Lair:6)
  A merfolk javelineer (Shoals:4)
  A merfolk avatar (Lair:6)
  A boulder beetle (D:10)
  A death yak (Shoals:4)
  A merfolk aquamancer (Shoals:4)
  A mana viper (Snake:2)
  An orc knight (Bailey)
  A guardian serpent (Snake:2)
  3 merfolk sirens (Shoals:4)
  3 komodo dragons
  A polar bear (Lair:6)
  A naga (Snake:2)
  2 water moccasins
  2 orc warriors (Bailey)
22 creatures vanquished.

Vanquished Creatures (others)
  A merfolk aquamancer (Shoals:4)
  A manticore (Shoals:3)
  A naga mage (Snake:1)
  A bush (D:4)
  33 fungi
  121 plants
158 creatures vanquished.

Grand Total: 1033 creatures vanquished

Notes
Turn   | Place    | Note
-------+----------+-------------------------------------------
     0 | D:1      | snetch the Minotaur Berserker began the quest for the Orb.
     0 | D:1      | Reached XP level 1. HP: 19/19 MP: 0/0
   125 | D:1      | Reached XP level 2. HP: 23/27 MP: 1/1
   516 | D:1      | Reached XP level 3. HP: 29/33 MP: 2/2
   517 | D:1      | Reached ** piety under Trog
   800 | D:3      | Noticed Grinder
   800 | D:3      | Paralysed by Grinder for 7 turns
   822 | D:3      | Killed Grinder
   823 | D:3      | Reached skill level 5 in Fighting
   823 | D:3      | Reached XP level 4. HP: 16/42 MP: 3/3
   823 | D:3      | Reached XP level 5. HP: 18/48 MP: 4/4
  1275 | D:3      | Noticed Jessica
  1287 | D:3      | Killed Jessica
  1288 | D:3      | Reached XP level 6. HP: 56/56 MP: 5/5
  1370 | D:2      | Noticed Terence
  1381 | D:2      | Killed Terence
  1984 | D:3      | Found a sparkling altar of Nemelex Xobeh.
  1984 | D:3      | Found an opulent altar of Gozag.
  2522 | D:4      | Found a blossoming altar of Fedhas.
  2587 | D:4      | Reached skill level 5 in Armour
  2587 | D:4      | Reached XP level 7. HP: 48/62 MP: 6/6
  2967 | D:4      | Reached *** piety under Trog
  3319 | D:5      | Entered Level 5 of the Dungeon
  3428 | D:4      | Found a shimmering blue altar of Sif Muna.
  3500 | D:4      | Found a basalt altar of Yredelemnul.
  3590 | D:5      | Reached XP level 8. HP: 70/70 MP: 7/7
  3939 | D:6      | Found a transporter.
  3940 | D:6      | Noticed bisexualwizard's ghost (novice MiGl)
  3943 | D:6      | Found a transporter.
  4279 | D:5      | Found a staircase to the Ecumenical Temple.
  4286 | D:5      | Found a burning altar of Makhleb.
  4287 | D:5      | Found a broken altar of Ashenzari.
  4287 | D:5      | Found a shadowy altar of Dithmenos.
  4288 | D:5      | Found a white marble altar of Elyvilon.
  4305 | Temple   | Entered the Ecumenical Temple
  6268 | D:7      | Reached XP level 9. HP: 62/79 MP: 8/8
  6499 | D:7      | Reached skill level 10 in Axes
  6516 | D:7      | Found Fugiulu's General Store.
  6521 | D:8      | Noticed Maggie
  6526 | D:8      | Paralysed by a hornet for 3 turns
  6534 | D:8      | Killed Maggie
  6704 | D:8      | Found a sand-covered staircase.
  6709 | Ossuary  | Entered an ossuary
  7002 | D:7      | Bought a scroll of fog for 28 gold pieces
  7003 | D:7      | Bought a scroll of identify for 28 gold pieces
  7025 | D:7      | Found a glowing golden altar of the Shining One.
  7510 | D:9      | Identified the +0 chain mail "Omoducun" {Will+ Regen+ Int-3
                  | Dex+3}
  7601 | D:8      | Found a snail-covered altar of Cheibriados.
  8126 | D:10     | Entered Level 10 of the Dungeon
  8178 | D:9      | Reached skill level 10 in Armour
  8328 | D:9      | Noticed Psyche
  8338 | D:9      | Killed Psyche
  8351 | D:9      | Reached XP level 10. HP: 73/90 MP: 9/9
  8846 | D:10     | Reached **** piety under Trog
  9750 | D:10     | Noticed an orange demon
 10493 | D:11     | Reached skill level 1 in Throwing
 10582 | D:11     | Found a staircase to the Orcish Mines.
 10958 | D:10     | Noticed a boulder beetle
 10976 | D:10     | Killed a boulder beetle
 11136 | D:10     | Found a staircase to the Lair.
 11240 | D:10     | Found a hide-covered altar of Uskayaw.
 11355 | D:11     | Identified the +2 pair of gloves of Wrong Decisions {rF-
                  | Will+ Str+4 Int+7 SInv}
 11378 | D:11     | Reached skill level 1 in Polearms
 11518 | D:6      | Killed bisexualwizard's ghost
 11519 | D:6      | Reached XP level 11. HP: 88/97 MP: 8/10
 11537 | D:6      | Identified the +0 buckler of a ziggurat {*Slow +Inv Dex+5}
 12274 | D:12     | Reached skill level 5 in Dodging
 12326 | D:12     | Reached skill level 1 in Shields
 12354 | D:12     | Reached skill level 10 in Fighting
 12448 | D:12     | Found a flagged portal.
 12515 | Bailey   | Entered a bailey
 12515 | Bailey   | Noticed an orc knight
 12522 | Bailey   | Noticed an orc knight
 12564 | Bailey   | Killed an orc knight
 12565 | Bailey   | Reached skill level 5 in Throwing
 12565 | Bailey   | Reached skill level 2 in Shields
 12606 | Bailey   | Killed an orc knight
 12650 | Bailey   | Noticed an orc knight
 12669 | Bailey   | Killed an orc knight
 12718 | Bailey   | Noticed an orc knight
 12740 | Bailey   | Killed an orc knight
 12790 | Bailey   | Gained mutation: You are strong-willed. (Will+) [potion of
                  | mutation]
 12790 | Bailey   | Gained mutation: You are partially covered in iridescent
                  | scales. (AC +2) [potion of mutation]
 12857 | D:11     | Upgraded the game from 0.27-a0-972-gd1521fd518 to
                  | 0.27-a0-978-g2aa4ecdaef
 13174 | D:11     | Noticed a two-headed ogre
 13184 | D:11     | Killed a two-headed ogre
 13185 | D:11     | Reached XP level 12. HP: 78/107 MP: 6/11
 13406 | D:12     | Identified the +7 chain mail "Plog" {Str+9}
 13913 | Lair:1   | Entered Level 1 of the Lair of Beasts
 13913 | Lair:1   | Noticed Grum
 13920 | Lair:1   | Killed Grum
 13952 | Lair:1   | Noticed Joseph
 13965 | Lair:1   | Killed Joseph
 14535 | Lair:2   | Reached skill level 3 in Shields
 14666 | Lair:3   | Found a staircase to the Shoals.
 15520 | Lair:3   | Reached skill level 4 in Shields
 15696 | Lair:2   | Noticed a six-headed hydra
 15701 | Lair:2   | Killed a four-headed hydra
 15714 | Lair:2   | Found a staircase to the Snake Pit.
 16204 | Lair:2   | Noticed a four-headed hydra
 16210 | Lair:2   | Killed a one-headed hydra
 16210 | Lair:2   | Reached ***** piety under Trog
 16211 | Lair:2   | Reached skill level 1 in Long Blades
 16855 | Lair:3   | Noticed a seven-headed hydra
 16862 | Lair:3   | Killed a four-headed hydra
 17053 | Lair:3   | Reached XP level 13. HP: 115/119 MP: 12/12
 18000 | Lair:4   | Found a bloodstained altar of Trog.
 18481 | Lair:4   | Reached skill level 15 in Armour
 19015 | Lair:6   | Entered Level 6 of the Lair of Beasts
 19183 | Lair:5   | Reached skill level 5 in Polearms
 19517 | Lair:5   | Identified the amulet "Qovammip" {Reflect Int+6 Dex+5 SH+5}
 19713 | Lair:5   | Found a staircase to the Slime Pits.
 19974 | Lair:5   | Received a gift from Trog
 20178 | Lair:5   | Reached skill level 1 in Evocations
 20703 | Lair:6   | Noticed a dire elephant
 20711 | Lair:6   | Killed a dire elephant
 20890 | Lair:6   | Reached XP level 14. HP: 72/130 MP: 13/13
 21096 | Lair:6   | Found an ornate altar of the Wu Jian Council.
 21096 | Lair:6   | Found a hide-covered altar of Uskayaw.
 21391 | Lair:6   | Reached skill level 5 in Shields
 21817 | Lair:6   | Received a gift from Trog
 22196 | Lair:6   | Upgraded the game from 0.27-a0-978-g2aa4ecdaef to
                  | 0.27-a0-988-g25969acef8
 22467 | D:13     | Reached skill level 6 in Shields
 22730 | D:13     | Noticed Snorg
 22735 | D:13     | Killed Snorg
 22751 | D:13     | Found a gate to the Vaults.
 22901 | D:13     | Noticed Josephine
 22909 | D:13     | Killed Josephine
 22910 | D:13     | Reached skill level 7 in Shields
 23573 | D:13     | Noticed Jorgrun
 23586 | D:13     | Killed Jorgrun
 23587 | D:13     | Reached skill level 15 in Axes
 23780 | D:14     | Reached skill level 8 in Shields
 23982 | D:15     | Entered Level 15 of the Dungeon
 24489 | D:15     | Reached skill level 9 in Shields
 24752 | D:15     | Found an iron altar of Okawaru.
 24913 | D:15     | Reached XP level 15. HP: 139/139 MP: 14/14
 25440 | D:15     | Found a staircase to the Depths.
 25797 | Shoals:1 | Entered Level 1 of the Shoals
 25829 | Shoals:1 | Reached skill level 10 in Shields
 26129 | Shoals:1 | Found a transporter.
 26198 | Shoals:1 | Found a transporter.
 26199 | Shoals:1 | Found the +8 longbow "Zephyr" {speed, Dex+3 SInv}
 27362 | Shoals:2 | Reached skill level 11 in Shields
 27406 | Shoals:2 | Received a gift from Trog
 27453 | Shoals:2 | Reached skill level 15 in Fighting
 28268 | Shoals:3 | Reached skill level 12 in Shields
 29886 | Shoals:3 | Found Putualacle's Jewellery Emporium.
 29911 | Shoals:3 | Bought the ring "Dacviat" {rElec rC+ rCorr Str+4 Int-2} for
                  | 949 gold pieces
 30431 | Shoals:3 | Reached XP level 16. HP: 99/149 MP: 15/15
 30819 | Shoals:4 | Entered Level 4 of the Shoals
 30970 | Shoals:4 | Reached skill level 13 in Shields
 30971 | Shoals:4 | Noticed Ilsuiw
 30987 | Shoals:4 | Killed Ilsuiw
 31037 | Shoals:4 | Noticed Polyphemus
 31056 | Shoals:4 | Killed Polyphemus
 32353 | Shoals:4 | Reached skill level 14 in Shields
 32592 | Shoals:4 | Found the +7 captain's cutlass {speed, disarm}
 32700 | Shoals:4 | Identified the +8 whip "Orb Guardian's Doom" {drain, +Blink
                  | rN++ Will-}
 32763 | Shoals:4 | Got a barnacled rune of Zot
 32992 | Lair:3   | Found the +4 moon troll leather armour {Spirit, Regen++
                  | MP+5}
 33003 | Lair:3   | Identified the +1 chain mail of Winter {rC+ Int+3 Slay+3}
 33428 | Snake:1  | Entered Level 1 of the Snake Pit
 33852 | Snake:2  | Reached skill level 15 in Shields
 34911 | Snake:2  | Reached XP level 17. HP: 110/159 MP: 16/16
 36108 | Snake:2  | Reached skill level 16 in Shields
 36616 | Snake:3  | Received a gift from Trog
 36715 | Snake:3  | Reached ****** piety under Trog
 37123 | Snake:4  | Entered Level 4 of the Snake Pit
 37298 | Snake:3  | Reached skill level 17 in Shields
 37586 | Snake:3  | Received a gift from Trog
 38995 | Snake:4  | Reached skill level 18 in Shields
 38998 | Snake:4  | Found a stormy altar of Qazlal.
 39049 | Snake:4  | Received a gift from Trog
 39051 | Snake:4  | HP: 10/243 [poisoned by a naga mage (bolt of poison)]
 39052 | Snake:4  | Reached XP level 18. HP: 11/170 MP: 17/17
 39055 | Snake:4  | HP: 3/255 [poisoned by a naga mage (bolt of poison)]
 39057 | Snake:4  | HP: 1/255 [poisoned by a naga mage (bolt of poison)]
 39059 | Snake:4  | Succumbed to a naga mage's bolt of poison

Illustrated notes

Levels and vault maps discovered:
D:1:      dpeg_arrival_boxes_within_box, layout_rooms
D:2:      layout_basic, glass_columns_c, uniq_terence
D:3:      layout_rooms, grunt_temple_overflow_opulence, uniq_grinder,
          uniq_jessica
D:4:      layout_cave_pools, led_sif_pool, lemuel_zombie_altar_yredelemnul,
          fedhas_altar_decomposition, serial_park_tiny_2, supply_closet_lemuel,
          st_stairs_8
D:5:      layout_loops_ring, chequers_temple_overflow_statue_of_worship,
          temple_fountains
D:6:      layout_cave_pods, gammafunk_ghost_mausoleum
D:7:      layout_cave_pools, tso_altar, serial_shops, shop
D:8:      layout_loops_ring, chei_slow_surprise, enter_ossuary_2,
          serial_bayou_pond_d, st_stairs_13, uniq_maggie
D:9:      layout_stronghold, uniq_psyche
D:10:     layout_roguey, nicolae_uskayaw_suspiria, lair_entry_dummy,
          serial_bayou_pond_e, minmay_misc_feat_secret_circle,
          nzn_sisyphean_effort
D:11:     layout_irregular_city, erik_orc_2
D:12:     layout_cave_pools, enter_bailey_5, minmay_liquid_box
D:13:     layout_basic, erik_vaults_1, uniq_snorg, uniq_jorgrun, uniq_josephine
D:14:     layout_irregular_city
D:15:     hangedman_depths_entry_try_elsewhere_first, layout_loops_corners,
          okawaru_metal_pillars_1_2
Temple:   eino_temple_lava
Lair:1:   layout_cave_pods, serial_bayou_crossing, uniq_joseph, uniq_grum
Lair:2:   layout_roguey, dummy_snake_entry
Lair:3:   statuecave_lemuel, layout_loops_ring, minmay_shoals_entry_centaurs,
          serial_bayou_pond_c, wad_woods_road_05
Lair:4:   layout_regular_city, basic_altar
Lair:5:   layout_concentric_octagons, minmay_slime_entry_oklob_open,
          grunt_megastairs_3, infiniplex_staircase_pool,
          minmay_lair_oklob_chamber
Lair:6:   gammafunk_lair_ancient_temple, layout_regular_city,
          nzn_masters_of_martial_movement
Shoals:1: gammafunk_sealed_arena, layout_shoals, nicolae_shoals_loop_pool
Shoals:2: layout_shoals, nicolae_shoals_this_corrosion
Shoals:3: layout_shoals, serial_shops, shop
Shoals:4: shoals_end_grunt_ice, layout_shoals, shoals_ilsuiw_ice,
          uniq_polyphemus
Snake:1:  layout_gridlike
Snake:2:  layout_basic, serial_bayou_pond_c, st_stairs_7, lemuel_fruit_tree
Snake:3:  cheibrodos_forgotten_conduit, layout_cave_town, grunt_ministairs_2
Snake:4:  grunt_snake_rune_pools, layout_layer_cave, basic_altar, drop_trap,
          nicolae_snake_horde_hoard

Skill      XL: |  1  2  3  4  5  6  7  8  9 10 11 12 13 14 15 16 17 |
---------------+----------------------------------------------------+-----
Axes           | 4 6 7 8 9 11 12 13 14 15 16 17 | 17.4
Fighting       | 4 5 6 7 8 9 10 12 13 14 15 16 17 | 17.5
Armour         | 3 5 6 8 10 11 12 14 15 16 17 | 17.2
Dodging        | 3 4 5 6 7 8 |  8.5
Throwing       | 4 6 7 |  7.1
Polearms       | 1 4 8 |  8.4
Shields        | 2 4 9 12 15 18 | 18.1
Long Blades    | 2 3 4 |  4.5
Evocations     | 2 3 |  3.4

Action                   |  1- 3 |  4- 6 |  7- 9 | 10-12 | 13-15 | 16-18 || total
-------------------------+-------+-------+-------+-------+-------+-------++-------
Melee: Hand axe          |    83 |   123 |   335 |   476 |    75 |       ||  1092
       Headbutt          |    12 |    42 |   107 |   170 |   324 |   203 ||   858
       Unarmed           |       |     7 |       |       |       |       ||     7
       Trident           |       |       |       |    59 |   124 |       ||   183
       Scimitar          |       |       |       |     9 |    28 |       ||    37
       War axe           |       |       |       |       |   294 |       ||   294
       Broad axe         |       |       |       |       |   379 |   618 ||   997
       Demon trident     |       |       |       |       |       |     7 ||     7
Throw: Dart              |       |       |       |    96 |       |       ||    96
       Boomerang         |       |       |       |    20 |    17 |    18 ||    55
Invok: Trog's Hand       |     1 |       |    11 |     6 |     3 |    12 ||    33
       Berserk           |     1 |       |     2 |     4 |       |     2 ||     9
       Brothers in Arms  |       |       |       |     3 |     2 |     4 ||     9
Evoke: Wand              |       |       |       |       |    15 |    19 ||    34
       Piece from Xom's  |       |       |       |       |     2 |     3 ||     5
       Box of beasts     |       |       |       |       |       |     1 ||     1
       Lightning rod     |       |       |       |       |       |     4 ||     4
  Use: Potion            |       |       |     1 |     7 |       |     6 ||    14
       Scroll            |       |       |     8 |     2 |    20 |     7 ||    37
 Stab: Confused          |       |       |       |       |     1 |       ||     1
       Petrified         |       |       |       |       |       |    13 ||    13
       Petrifying        |       |       |       |       |       |     1 ||     1
Armor: Chain mail        |    55 |    37 |   241 |   242 |   287 |    95 ||   957
Dodge: Dodged            |    32 |    48 |   159 |   285 |   290 |    88 ||   902
Block: Buckler           |       |       |       |    93 |    90 |       ||   183
       Tower shield      |       |       |       |       |   928 |  1014 ||  1942
       Reflection        |       |       |       |       |    60 |   136 ||   196
       Rpst.: Scimitar   |       |       |       |     1 |     9 |       ||    10

Table legend: (Time is in decaauts)
 A = Elapsed time spent in this place.
 B = Non-inter-level travel time spent in this place.
 C = Inter-level travel time spent in this place.
 D = Time resting spent in this place.
 E = Time spent auto-exploring this place.
 F = Levels seen in this place.
 G = Mean time per level.
                   A        B        C        D        E       F      G
               +--------+--------+--------+--------+--------+-----+--------+
         Total |  39216 |  36757 |   2459 |   3755 |  23401 |  32 | 1225.5 |
       Dungeon |  16937 |  15504 |   1433 |   1657 |   9458 |  15 | 1129.1 |
        Temple |    110 |    104 |      6 |      0 |    103 |   1 |  110.0 |
          Lair |   8711 |   8162 |    549 |    107 |   6572 |   6 | 1451.8 |
        Shoals |   7312 |   7018 |    294 |    638 |   4301 |   4 | 1828.0 |
     Snake Pit |   5591 |   5416 |    175 |   1353 |   2768 |   4 | 1397.8 |
       Ossuary |    250 |    250 |      0 |      0 |    168 |   1 |  250.0 |
        Bailey |    302 |    302 |      0 |      0 |     30 |   1 |  302.0 |
               +--------+--------+--------+--------+--------+-----+--------+

Top non-repeatable levels by time:
 Snake:3: 2105 daAuts
Shoals:1: 2016 daAuts
Shoals:2: 2002 daAuts
    D:10: 1990 daAuts
  Lair:5: 1800 daAuts
Shoals:3: 1747 daAuts
 Snake:2: 1712 daAuts
  Lair:6: 1680 daAuts
Shoals:4: 1546 daAuts
  Lair:2: 1414 daAuts
  Lair:1: 1394 daAuts
 Snake:1: 1392 daAuts
     D:5: 1372 daAuts
    D:13: 1359 daAuts
  Lair:3: 1352 daAuts
